 Dungeon Crawl Stone Soup version 0.24-a0-458-gfcb5e6da0e (webtiles) character file.

Game seed: 18274809282522005586

258 Peloso the Covered (level 5, -2/47 HPs)
             Began as a Minotaur Fighter on June 27, 2019.
             Slain by an orc warrior
             ... wielding a +0 halberd
              (23 damage)
             ... on level 3 of the Dungeon.
             The game lasted 00:04:22 (1680 turns).

Peloso the Covered (Minotaur Fighter)               Turns: 1680, Time: 00:04:23

Health: -2/47      AC:  9    Str: 21    XL:     5   Next: 94%
Magic:  4/4        EV:  8    Int:  5    God:
Gold:   162        SH: 10    Dex: 10    Spells: 4/4 levels left

rFire    . . .     SeeInvis .   a - +0 long sword
rCold    + . .     Gourm    .   c - +0 shield
rNeg     . . .     Faith    .   b - +0 scale mail
rPois    .         Spirit   .   (helmet restricted)
rElec    .         Reflect  .   (no cloak)
rCorr    .         Harm     .   (no gloves)
MR       .....                  q - +1 pair of boots
Stlth    ..........             (no amulet)
HPRegen  0.15/turn              j - ring of protection from cold
MPRegen  0.09/turn              (no ring)

@: no status effects
A: retaliatory headbutt, horns 2
a: no special abilities


You were on level 3 of the Dungeon.
You were not hungry.

You visited 1 branch of the dungeon, and saw 3 of its levels.

You collected 162 gold pieces.

Inventory:

Hand Weapons
 a - a +0 long sword (weapon)
Missiles
 k - 14 poisoned darts (quivered)
Armour
 b - a +0 scale mail (worn)
 c - a +0 shield (worn)
 q - a +1 pair of boots (worn)
Jewellery
 j - a ring of protection from cold (left hand)
Scrolls
 h - 2 scrolls of fog {unknown}
 i - 3 scrolls of identify {unknown}
 m - a scroll of random uselessness {unknown}
 n - a scroll of enchant armour {unknown}
 o - 3 scrolls of magic mapping {unknown}
 s - a scroll of amnesia {unknown}
 t - 2 scrolls of remove curse {unknown}
Potions
 d - a potion of might
 e - 3 potions of agility {unknown}
 g - a potion of haste {unknown}
 l - a potion of flight {unknown}
 p - a potion of brilliance {unknown}
 r - a potion of resistance {unknown}
Comestibles
 f - 6 rations
 u - 2 chunks of flesh


   Skills:
 + Level 4.6 Fighting
 + Level 4.5 Long Blades
 + Level 5.2 Armour
 + Level 0.6 Dodging
 + Level 4.9 Shields


You had 4 spell levels left.
You didn't know any spells.
Your spell library was empty.

Dungeon Overview and Level Annotations

Branches:
Dungeon (3/15)

Altars:

Annotations:
D:3 2 transporters, Tali's ghost, amateur DsBe


Innate Abilities, Weirdness & Mutations

You reflexively headbutt those who attack you in melee.
You have a pair of horns on your head.


Message History

You closely miss the orc wizard.
The orc wizard is heavily wounded.
You block the orc wizard's attack.
You hit the orc wizard.
The orc wizard is almost dead.
The orc warrior hits you but does no damage.
The orc wizard casts a spell at you. The puff of frost misses you.
The puff of frost hits the goblin!
The goblin dies!
You closely miss the orc wizard. Your headbutt misses the orc wizard.
The orc wizard is almost dead.
The orc warrior hits you from afar with a +0 halberd!
The orc wizard casts a spell at you. The puff of flame hits you.
You closely miss the orc wizard. Your headbutt misses the orc wizard.
The orc wizard is almost dead.
The orc wizard gestures at you while chanting.
The puff of frost misses you.
The orc warrior hits you from afar with a +0 halberd!!
You die...

... ..># #.......
.####.###o#######.......
........#......##.......
#.....o..$....##.......
##.#.#o#......##..†....
#o#......#.....#.#
#o#....).........#
#o#...............
#@#.....>.......##
.......†#......#####.##
####...?.......# #.#
.............# #.###
...#........#.## #....
## ..#.######.# #....
###.# #...... #....
.....##..##.##### #####
........##...........
.....


You could see an orc warrior, 2 orc wizards and 2 orcs.

Vanquished Creatures
  An ogre (D:3)
  A hound (D:3)
  4 gnolls (D:3)
  3 adders
  2 worms (D:3)
  3 dart slugs
  2 leopard geckos (D:1)
  2 orcs (D:3)
  9 bats
  A giant cockroach (D:3)
  3 hobgoblins
  5 jackals (D:3)
  A ball python (D:2)
  4 frilled lizards
  15 goblins
  3 kobolds (D:1)
  5 rats
64 creatures vanquished.

Vanquished Creatures (others)
  A goblin (D:3)
1 creature vanquished.

Grand Total: 65 creatures vanquished

Notes
Turn   | Place    | Note
-------+----------+-------------------------------------------
     0 | D:1      | Peloso the Minotaur Fighter began the quest for the Orb.
     0 | D:1      | Reached XP level 1. HP: 19/19 MP: 0/0
     2 | D:1      | Noticed an ogre
     2 | D:1      | Noticed a draconian
     4 | D:1      | Noticed a ghoul
     4 | D:1      | Noticed a tengu
     6 | D:1      | Noticed a human
     6 | D:1      | Noticed a gargoyle
     8 | D:1      | Noticed a demonspawn
    10 | D:1      | Noticed a merfolk
    12 | D:1      | Noticed a felid
    12 | D:1      | Noticed a troll
    14 | D:1      | Noticed a demigod
    16 | D:1      | Noticed a naga
    16 | D:1      | Noticed a vampire
    19 | D:1      | Noticed an elf
    19 | D:1      | Noticed a vine stalker
    21 | D:1      | Noticed a minotaur
    21 | D:1      | Noticed a dwarf
    23 | D:1      | Noticed a halfling
    25 | D:1      | Noticed a formicid
    25 | D:1      | Noticed an octopode
    27 | D:1      | Noticed a spriggan
    27 | D:1      | Noticed a centaur
   133 | D:1      | Reached XP level 2. HP: 26/27 MP: 1/1
   262 | D:1      | Reached skill level 4 in Armour
   747 | D:2      | Reached XP level 3. HP: 28/33 MP: 2/2
  1108 | D:3      | Reached XP level 4. HP: 40/40 MP: 3/3
  1143 | D:3      | Found a transporter.
  1143 | D:3      | Noticed Tali's ghost (amateur DsBe)
  1192 | D:3      | Noticed an ogre
  1209 | D:3      | Reached XP level 5. HP: 43/46 MP: 4/4
  1403 | D:3      | Reached skill level 5 in Armour
  1482 | D:3      | Found a transporter.
  1546 | D:3      | Killed an ogre
  1664 | D:3      | Noticed an orc warrior
  1680 | D:3      | Slain by an orc warrior

Levels and vault maps discovered:
D:1:      kb_arrival_jail, layout_rooms
D:2:      minmay_chambers_of_ones, layout_rooms, grunt_ministairs_6,
          serial_bayou_pond_a
D:3:      layout_basic, grunt_temple_overflow_diamond,
          gammafunk_ghost_mausoleum, roderic_roman_lattice, minmay_ogre_servants

Skill      XL: |  1  2  3  4  5 |
---------------+----------------+-----
Armour         | 4 5 |  5.2
Shields        | 4 |  4.9
Long Blades    | 3 4 |  4.5
Fighting       | 4 |  4.6
Dodging        | |  0.6

Action                   |  1- 3 |  4- 6 || total
-------------------------+-------+-------++-------
Melee: Long sword        |    67 |    73 ||   140
       Headbutt          |     6 |    15 ||    21
  Use: Potion            |       |     1 ||     1
  Eat: Chunk             |       |     3 ||     3
Armor: Scale mail        |    27 |    32 ||    59
Dodge: Dodged            |    37 |    22 ||    59
Block: Shield            |    40 |    41 ||    81
       Rpst.: Long sword |    10 |     6 ||    16

Table legend:
 A = Non-vault XP
 B = Vault XP
 C = Vault XP percentage of total XP
 D = Non-vault monster count
 E = Vault monster count
 F = Vault count percentage of total count
                 A         B        C        D         E       F
            +---------+---------+-------+---------+---------+-------
      Total |     213 |     156 |  42.3 |      50 |      14 |  21.9
            +---------+---------+-------+---------+---------+-------
        D:1 |      26 |       0 |   0.0 |      15 |       0 |   0.0
        D:2 |      26 |      25 |  49.0 |       7 |       7 |  50.0
        D:3 |     161 |     131 |  44.9 |      28 |       7 |  20.0
            +---------+---------+-------+---------+---------+-------
